AoeStats
← jose.ediaz1993

Nomad

506967832Analyzed
3v3 RM · 18d ago on Sep 16, 2026· 56m 38s· 6 players
Game mode
Random Map
Map size
210×210
Population
200
Speed
Normal
Resources
Standard
Victory
Conquest
Starting age
Dark Age
Ending age
Imperial Age
RankedLock teamsTeams togetherTeam positionsShared explorationLock speedFull tech treeHidden civsTurbo modeCheats
Victory
Defeat
739
+10
🇫🇷 Cumans · France
737
+10
🇺🇸 Britons · United States
484
+20
🇨🇴 Bohemians · Colombia
619
-14
🇺🇸 Teutons · United States
605
-14
🇷🇺 Malay · Russia
563
-12
Art
17:36 Feudal Age
16:05 Loom
18:51 Horse Collar
19:03 Double-Bit Axe
19:14 Fishing Lines
21:58 Man-at-Arms
23:06 Bloodlines
26:09 Arson
31:03 Castle Age
31:20 Long Swordsman
31:46 Gambesons
32:05 Squires
32:46 Forging
32:38 Scale Mail Armor
33:29 Gold Mining
33:30 Stone Mining
39:34 Bow Saw
40:41 Wheelbarrow
40:39 Gillnets
42:19 Scale Barding Armor
45:29 Hand Cart
46:54 Stone Shaft Mining
53:28 Imperial Age
Rikki
19:05 Feudal Age
20:27 Man-at-Arms
25:22 Forging
29:11 Castle Age
27:39 Arson
33:19 Gold Mining
33:20 Double-Bit Axe
33:28 Stone Mining
36:48 Long Swordsman
38:56 Wheelbarrow
41:14 Iron Casting
41:52 Squires
48:01 Imperial Age
jose.ediaz1993
21:06 Feudal Age
39:16 Castle Age
47:30 Murder Holes
Stik-Tik
17:08 Feudal Age
17:10 Man-at-Arms
18:57 Double-Bit Axe
28:43 Forging
28:34 Scale Mail Armor
34:59 Castle Age
34:30 Arson
36:34 Long Swordsman
38:30 Wheelbarrow
43:58 Hand Cart
52:00 Imperial Age
49:16 Loom
51:47 Bloodlines
51:54 Scale Barding Armor
52:10 Two-Handed Swordsman
LATEAFNICE
8:23 Loom
17:09 Feudal Age
17:26 Man-at-Arms
18:12 Arson
18:47 Double-Bit Axe
20:15 Wheelbarrow
19:26 Town Watch
31:04 Castle Age
30:23 Forging
30:14 Scale Mail Armor
30:41 Stone Mining
30:57 Horse Collar
32:09 Gambesons
33:46 Gold Mining
34:19 Yeomen
34:41 Hand Cart
37:13 Town Patrol
37:57 Gold Shaft Mining
38:28 Bow Saw
40:23 Heavy Plow
44:29 Imperial Age
43:34 Padded Archer Armor
43:52 Fletching
46:52 Leather Archer Armor
46:33 Bodkin Arrow
46:08 Elite Longbowman
46:51 Warwolf
50:17 Treadmill Crane
50:48 Fortified Wall
50:49 Masonry
51:00 Ballistics
51:41 Chemistry
51:47 Conscription
51:28 Fishing Lines
Bobby Brad Phill Johnson Mcguire
13:40 Feudal Age
15:09 Double-Bit Axe
16:09 Horse Collar
18:15 Wheelbarrow
17:34 Gold Mining
19:31 Stone Mining
20:02 Fishing Lines
22:52 Castle Age
24:19 Stone Shaft Mining
23:39 Gillnets
23:53 Heavy Plow
24:06 Bow Saw
24:13 Hand Cart
25:08 Man-at-Arms
25:34 Gambesons
25:35 Arson
25:41 Town Watch
25:45 Pikeman
26:30 Scale Mail Armor
27:07 Long Swordsman
30:22 Chain Mail Armor
32:01 Town Patrol
38:47 Imperial Age
37:44 Gold Shaft Mining
38:50 Forging
40:21 Iron Casting
40:16 Plate Mail Armor
39:11 Halberdier
39:12 Two-Handed Swordsman
39:58 Caravan
42:17 Elite Woad Raider
42:47 Champion
44:34 Blast Furnace
46:09 Loom
48:26 Murder Holes
48:42 Fortified Wall
48:43 Masonry
48:13 Treadmill Crane
48:39 Siege Engineers
49:35 Chemistry
48:58 Ballistics
52:55 Furor Celtica
Connection lost

Rejoining the realm…

Still unreachable

The connection could not be restored.

Session expired

The server has moved on; the page needs a fresh start.